 Dungeon Crawl Stone Soup version 0.20.1-1-g8b1a95d (webtiles) character file.

39368 straycat the Unseen (level 13, -1/92 HPs)
             Began as a Vampire Wanderer on July 5, 2017.
             Was an Elder of Hepliaklqana.
             Killed by Olgreb's Toxic Radiance
             ... invoked by a naga ritualist
              (3 damage)
             ... on level 1 of the Snake Pit on July 6, 2017.
             The game lasted 01:56:45 (15769 turns).

straycat the Unseen (Vampire Wanderer)             Turns: 15769, Time: 01:56:46

Health: -1/92      AC:  8    Str: 16    XL:     13   Next: 68%
Magic:  2/20       EV: 28    Int: 16    God:    Hepliaklqana [****..]
Gold:   680        SH:  7    Dex: 24    Spells: 1/22 levels left

rFire    . . .     SeeInvis +   D - +7 dagger (venom)
rCold    . . .     Gourm    .   c - +0 buckler
rNeg     + . .     Faith    .   P - +0 robe of the Pits of Slime {Regen+ Str+4 Int+4}
rPois    .         Spirit   .   L - +2 hat
rElec    .         Reflect  .   w - +0 cloak
rCorr    .         Harm     +   Y - +1 pair of gloves
MR       +....                  v - +0 pair of boots
Stlth    +++++++...             Z - amulet of harm
Regen    0.7/turn               g - +4 ring of dexterity
MPRegen  0.2/turn               i - +4 ring of evasion

@: lethally poisoned (-1 -> -1)
A: reduced essence, fangs 3, see invisible, unbreathing
a: Bat Form, Recall Ancestor, Ancestor Identity, Transference, Idealise,
Renounce Religion


You were on level 1 of the Snake Pit.
You worshipped Hepliaklqana.
Hepliaklqana was greatly pleased with you.
You were not thirsty.

You visited 5 branches of the dungeon, and saw 16 of its levels.
You also visited: Bailey.

You collected 990 gold pieces.
You spent 310 gold pieces at shops.

Inventory:

Hand Weapons
 a - a +2 arbalest of flaming
 y - a +1 vampiric bardiche
 A - a +0 blowgun
 D - a +7 dagger of venom (weapon)
 E - a +0 spear of freezing
 G - a +2 scythe of pain
 U - a +0 scimitar of flaming
Missiles
 d - 6 throwing nets
 p - 35 bolts
 t - 193 arrows
 B - 45 poisoned needles
 I - 15 tomahawks (quivered)
 R - 2 exploding tomahawks
Armour
 c - a +0 buckler (worn)
 v - a +0 pair of boots (worn)
 w - a +0 cloak (worn)
 H - a +2 scale mail of fire resistance
 L - a +2 hat (worn)
 P - the +0 robe of the Pits of Slime (worn) {Regen+ Str+4 Int+4}
   (You found it on level 7 of the Dungeon)

   It affects your strength (+4).
   It affects your intelligence (+4).
   It increases your rate of regeneration.
 Y - a +1 pair of gloves (worn)
Jewellery
 g - a +4 ring of dexterity (left hand)
 i - a +4 ring of evasion (right hand)
 l - an uncursed ring of magical power
 F - the ring "Utopnuyd" {rPois rF+ rC+ rN+}
   (You acquired it in a bailey)

   [ring of positive energy]

   It protects you from fire.
   It protects you from cold.
   It protects you from poison.
   It protects you from negative energy.
 J - a +5 amulet of reflection
 M - the ring "Narig" {rElec rF- rC+ rN+++ MR+}
   (You bought it in a shop on level 5 of the Dungeon)

   [ring of protection from cold]

   It makes you vulnerable to fire.
   It protects you from cold.
   It insulates you from electricity.
   It renders you almost immune to negative energy.
   It affects your resistance to hostile enchantments.
 Z - an amulet of harm (around neck)
Wands
 m - a wand of iceblast (10/15)
 x - a wand of digging (24/24)
 z - a wand of lightning (6/15)
 N - a wand of iceblast (6/15)
 O - a wand of polymorph (23/24)
Scrolls
 b - 3 scrolls of teleportation
 k - a scroll of amnesia
 q - 3 scrolls of remove curse
 s - a scroll of blinking
 Q - a scroll of magic mapping
Potions
 f - 28 potions of blood
 h - 5 potions of brilliance
 j - 4 potions of magic
 n - 2 potions of mutation
 o - a potion of haste
 r - 4 potions of flight
 u - 3 potions of agility
 C - a potion of ambrosia
 V - 2 potions of resistance
 X - a potion of might


   Skills:
 - Level 10.2 Fighting
 + Level 8.2 Short Blades
 * Level 12.2 Dodging
 + Level 15.2 Stealth
 - Level 8.3 Shields
 - Level 1.1 Unarmed Combat
 - Level 5.0 Spellcasting
 - Level 10.0 Hexes


You had one spell level left.
You knew the following spells:

 Your Spells              Type           Power        Failure   Level  Hunger
a - Corona                Hex            #####..      1%          1    None
b - Slow                  Hex            #####...     1%          2    #......
c - Magic Dart            Conj           #...         16%         1    None
d - Ensorcelled Hibernat  Hex/Ice        ###...       3%          2    #......
e - Confuse               Hex            #####...     1%          3    ###....
f - Tukima's Dance        Hex            #####...     1%          3    ###....
g - Dazzling Spray        Conj/Hex       ###...       6%          3    ###....
h - Passwall              Tmut/Erth      #.........   22%         2    #......
i - Petrify               Tmut/Erth      #.......     83%         4    ####...


Dungeon Overview and Level Annotations

Branches:
Dungeon (11/15)            Temple (1/1) D:6            Lair (2/6) D:11
 Shoals (0/4) Lair:2        Snake (1/4) Lair:2          Orc (1/2) D:9

Altars:
Ashenzari
Cheibriados
Dithmenos
Fedhas
Gozag
Hepliaklqana
Kikubaaqudgha
Makhleb
Nemelex Xobeh
Okawaru
Qazlal
Ru
Sif Muna
Trog
Xom
Yredelemnul
Zin
The Shining One

Shops:
D:4 (   D:5 *   D:9 *?

Annotations:
Orc:1 Erolcha


Innate Abilities, Weirdness & Mutations

You have razor-sharp teeth.
You have supernaturally acute eyesight. (SInv)
You can survive without breathing.
Your life essence is reduced to manifest your ancestor. (-10% HP)


Message History

The black mamba poisons you! The black mamba bites you!
* * * LOW HITPOINT WARNING * * *
The naga ritualist casts a spell.
The naga ritualist begins to radiate toxic energy.
There is a staircase back to the Lair, spattered with blood here.
Unknown command.
You feel better.
* * * LOW HITPOINT WARNING * * *
You are poisoned.
You block the black mamba's attack. The mana viper bites you.
* * * LOW HITPOINT WARNING * * *
You feel your power leaking away. The mana viper closely misses you.
You block the mana viper's attack.
Seras barely misses the mana viper.
The black mamba bites you but does no damage.
The mana viper bites you but does no damage.
You block the black mamba's attack.
You can't go down here!
You feel sick.
You die...

.... ....###
.......##
........##
...#.....##
..........###..
...N..SS.......
......S@.......
.....^SSR......
..........###..
###########


You could see the friendly Seras the battlemage, a naga ritualist, 3 mana vipers
and 2 black mambas.

Vanquished Creatures
  A frost giant (Bailey)
  A death knight (D:11)
  A hydra (Lair:2)
  2 two-headed ogres
  Nergalle (D:11)
  2 unseen horrors (D:10)
  An elephant (Lair:2)
  A black mamba (Lair:2)
  Maurice (D:8)
  4 spiny frogs
  A troll (D:10)
  2 hippogriffs
  A polar bear (Lair:2)
  A blink frog (Lair:2)
  Sigmund (D:3)
  2 wyverns
  20 yaks
  8 water moccasins
  18 orc warriors
  6 porcupines
  2 phantoms
  An ice beast (D:6)
  A necrophage (D:6)
  A black bear (D:6)
  8 ogres
  A wolf (Lair:2)
  4 crocodiles
  3 centaurs
  The ghost of simples the Sneak, an amateur SpEn (D:3)
  6 bullfrogs
  A gnoll sergeant (D:8)
  A wyvern zombie (D:10)
  3 scorpions
  4 howler monkeys
  4 crimson imps
  A quasit (D:10)
  A bullfrog zombie (D:6)
  A gnoll shaman (D:10)
  2 orc priests
  2 bullfrog skeletons
  7 hounds
  A centaur skeleton (D:7)
  4 iguanas
  7 worker ants
  Terence (D:3)
  7 orc wizards
  A hound zombie (D:9)
  A worker ant zombie (D:6)
  14 gnolls
  16 adders
  2 shadow imps
  2 oozes
  6 worms
  3 dart slugs
  6 leopard geckos
  44 orcs
  5 ball pythons
  4 bat skeletons (D:7)
  A bat zombie (D:7)
  9 giant cockroaches
  21 goblins
  19 hobgoblins
  12 jackals
  8 quokkas
  6 bats
  3 frilled lizards
  11 kobolds
  8 rats
352 creatures vanquished.

Vanquished Creatures (collateral kills)
  A hydra (Lair:2)
  Erica (D:8)
  An orc sorcerer (Orc:1)
  A cyclops (D:11)
  An oklob plant (Lair:2)
  2 spiny frogs
  A komodo dragon (Lair:2)
  3 hippogriffs
  A basilisk (Lair:1)
  6 yaks
  8 water moccasins
  4 orc warriors
  2 ice beasts
  A centaur (D:9)
  A crocodile (D:9)
  A centaur zombie (D:9)
  A quasit (D:10)
  A crimson imp (D:10)
  2 orc priests
  2 bullfrog skeletons (D:10)
  3 orc wizards
  2 worker ants
  5 gnolls
  6 adders (Lair:2)
  8 orcs
  A bat skeleton (D:7)
  10 goblins (Bailey)
  6 hobgoblins (Bailey)
  A jackal (D:7)
  2 plants (Lair:2)
85 creatures vanquished.

Vanquished Creatures (others)
  6 dancing weapons
  A centaur (D:9)
  A howler monkey (D:4)
  An orc wizard (D:4)
  7 battlemagi
  3 ancestors
  2 orcs (D:4)
  A plant (D:11)
22 creatures vanquished.

Grand Total: 459 creatures vanquished

Notes
Turn   | Place    | Note
-------+----------+-------------------------------------------
     0 | D:1      | straycat the Vampire Wanderer began the quest for the Orb.
     0 | D:1      | straycat set off with: a book of Maledictions, a scroll of teleportation, a +0 buckler, a +0 robe, a +0 dagger, a potion of blood
     0 | D:1      | Reached XP level 1. HP: 13/13 MP: 2/2
     2 | D:1      | Learned a level 1 spell: Corona
   397 | D:1      | Reached XP level 2. HP: 20/20 MP: 3/3
   590 | D:1      | Reached skill level 1 in Fighting
   731 | D:1      | Reached skill level 1 in Short Blades
  1101 | D:2      | Reached XP level 3. HP: 17/26 MP: 4/4
  2043 | D:2      | Learned a level 2 spell: Slow
  2045 | D:2      | Learned a level 1 spell: Magic Dart
  2264 | D:2      | Reached XP level 4. HP: 32/32 MP: 3/5
  2622 | D:3      | Noticed simples's ghost (amateur SpEn)
  2644 | D:3      | Found a deep blue altar of Sif Muna.
  2730 | D:3      | Killed simples's ghost
  2730 | D:3      | Reached XP level 5. HP: 32/38 MP: 6/6
  2818 | D:3      | Found a sparkling altar of Nemelex Xobeh.
  2976 | D:3      | Noticed an ogre
  3239 | D:3      | Killed an ogre
  3239 | D:3      | Reached XP level 6. HP: 14/46 MP: 5/7
  3796 | D:3      | Found a blossoming altar of Fedhas.
  3828 | D:3      | Noticed Terence
  3832 | D:3      | Killed Terence
  3832 | D:3      | Reached skill level 5 in Dodging
  3975 | D:3      | Noticed Sigmund
  3996 | D:3      | Killed Sigmund
  4071 | D:3      | Reached XP level 7. HP: 50/53 MP: 8/8
  4123 | D:3      | Learned a level 2 spell: Ensorcelled Hibernation
  4139 | D:3      | Reached skill level 10 in Fighting
  4139 | D:3      | Reached XP level 8. HP: 72/72 MP: 9/9
  4144 | D:3      | Learned a level 3 spell: Confuse
  4674 | D:4      | Found Wyifok's Antique Weapon Emporium.
  4938 | D:5      | Entered Level 5 of the Dungeon
  4999 | D:5      | Found Vopi's Assorted Antiques.
  5044 | D:6      | Found a staircase to the Ecumenical Temple.
  5133 | D:6      | Reached skill level 5 in Stealth
  5872 | D:5      | Bought a sparkling golden ring for 135 gold pieces
  5886 | D:5      | Identified the ring "Narig" {rElec rF- rC+ rN+++ MR+} (You bought it in a shop on level 5 of the Dungeon)
  6028 | D:5      | Found a glowing silver altar of Zin.
  6759 | D:6      | Found a stormy altar of Qazlal.
  6759 | D:6      | Found a basalt altar of Yredelemnul.
  6882 | D:6      | Reached XP level 9. HP: 78/78 MP: 9/12
  6958 | D:6      | Reached skill level 6 in Stealth
  6988 | D:6      | Found a shattered altar of Ashenzari.
  7334 | Temple   | Entered the Ecumenical Temple
  7346 | Temple   | Became a worshipper of Hepliaklqana the Forgotten
  7397 | D:7      | Got a transparent robe
  7631 | D:7      | Found an ancient bone altar of Kikubaaqudgha.
  8212 | D:7      | Identified the +0 robe of the Pits of Slime {Regen+ Str+4 Int+4} (You found it on level 7 of the Dungeon)
  8247 | D:7      | Learned a level 3 spell: Tukima's Dance
  8284 | D:8      | Reached skill level 7 in Stealth
  8299 | D:8      | Reached skill level 5 in Hexes
  8403 | D:8      | Reached * piety under Hepliaklqana
  8412 | D:8      | Noticed Erica
  8433 | D:8      | Killed Erica
  8433 | D:8      | Reached skill level 8 in Stealth
  8433 | D:8      | Reached XP level 10. HP: 68/76 MP: 2/14
  8703 | D:8      | Noticed Maurice
  8748 | D:8      | Killed Maurice
  8822 | D:8      | Learned a level 3 spell: Dazzling Spray
  9068 | D:8      | Found a shadowy altar of Dithmenos.
  9309 | D:8      | Reached skill level 9 in Stealth
  9553 | D:9      | Reached ** piety under Hepliaklqana
  9560 | D:9      | Remembered your ancestor Seras as a battlemage
  9649 | D:9      | Found Cabymm's General Store.
  9658 | D:9      | Bought a potion of heal wounds for 70 gold pieces
  9722 | D:9      | Got a scorched platinum ring
  9791 | D:9      | Found Cepninir's Magic Scroll Boutique.
  9803 | D:9      | Identified the ring "Qiophockith" {rN+ Stlth+} (You found it on level 9 of the Dungeon)
  9806 | D:9      | Bought a scroll of enchant armour for 105 gold pieces
  9888 | D:9      | Found a staircase to the Orcish Mines.
 10253 | Orc:1    | Entered Level 1 of the Orcish Mines
 10253 | Orc:1    | Noticed Erolcha
 10253 | Orc:1    | Noticed an orc sorcerer
 10253 | Orc:1    | Noticed a two-headed ogre
 10255 | Orc:1    | Noticed a two-headed ogre
 10274 | D:9      | Killed a two-headed ogre
 10274 | D:9      | Reached skill level 10 in Stealth
 10366 | Orc:1    | Killed a two-headed ogre
 10366 | Orc:1    | Reached XP level 11. HP: 81/81 MP: 15/17
 10376 | Orc:1    | Killed an orc sorcerer
 10482 | D:9      | Reached skill level 11 in Stealth
 10508 | D:10     | Entered Level 10 of the Dungeon
 10656 | D:10     | Reached skill level 5 in Short Blades
 10951 | D:10     | Noticed an unseen horror
 10958 | D:10     | Killed an unseen horror
 10958 | D:10     | Reached skill level 12 in Stealth
 10958 | D:10     | Reached skill level 5 in Spellcasting
 11144 | D:10     | Reached *** piety under Hepliaklqana
 11252 | D:10     | Noticed an unseen horror
 11276 | D:10     | Reached skill level 10 in Dodging
 11285 | D:10     | Killed an unseen horror
 11325 | D:11     | Found a flagged portal.
 11329 | D:11     | Found a staircase to the Lair.
 11417 | D:11     | Reached skill level 13 in Stealth
 11459 | Bailey   | Entered a bailey
 12289 | Bailey   | Noticed an orc warlord
 12316 | Bailey   | Noticed a frost giant
 12316 | Bailey   | an orc warlord changed into a frost giant
 12749 | Bailey   | Killed a frost giant
 12749 | Bailey   | Reached XP level 12. HP: 33/87 MP: 3/19
 12905 | Bailey   | Identified a scroll of acquirement
 12908 | Bailey   | Got a translucent granite ring
 12924 | Bailey   | Identified the ring "Utopnuyd" {rPois rF+ rC+ rN+} (You acquired it in a bailey)
 13139 | D:11     | Reached skill level 14 in Stealth
 13139 | D:11     | Reached skill level 10 in Hexes
 13331 | D:11     | Noticed a death knight
 13336 | D:11     | Killed a death knight
 13405 | D:11     | Noticed Nergalle
 13412 | D:11     | Killed Nergalle
 13445 | D:11     | Reached XP level 13. HP: 92/92 MP: 20/20
 13449 | D:11     | Learned a level 2 spell: Passwall
 13454 | D:11     | Learned a level 4 spell: Petrify
 13614 | Lair:1   | Entered Level 1 of the Lair of Beasts
 13628 | Lair:1   | Reached **** piety under Hepliaklqana
 14753 | Lair:2   | HP: 4/92 [porcupine's spines (16)]
 15166 | Lair:2   | Reached skill level 15 in Stealth
 15181 | Lair:2   | Found a staircase to the Snake Pit.
 15521 | Lair:2   | Found a staircase to the Shoals.
 15760 | Snake:1  | Entered Level 1 of the Snake Pit
 15768 | Snake:1  | HP: 2/92 [mana viper (6)]
 15769 | Snake:1  | Killed from afar by a naga ritualist

Skill      XL: |  1  2  3  4  5  6  7  8  9 10 11 12 13 |
---------------+----------------------------------------+-----
Fighting       | 1 2 3 10 | 10.2
Short Blades   | 1 2 3 4 6 7 8 |  8.2
Dodging        | 3 4 5 9 10 12 | 12.2
Shields        | 2 3 4 8 |  8.3
Stealth        | 5 8 10 13 14 15 | 15.2
Spellcasting   | 2 3 4 5 |  5.0
Hexes          | 5 7 9 10 | 10.0
Unarmed Combat | |  1.1

Action                   |  1- 3 |  4- 6 |  7- 9 | 10-12 | 13-15 || total
-------------------------+-------+-------+-------+-------+-------++-------
Melee: Dagger            |   131 |    45 |   413 |   577 |   194 ||  1360
       Bite              |    21 |    31 |    77 |   110 |    35 ||   274
       Short sword       |    30 |   146 |       |       |       ||   176
       Unarmed           |    28 |       |       |       |       ||    28
       Scimitar          |       |       |       |       |     4 ||     4
Throw: Stone             |     4 |       |    13 |       |       ||    17
       Tomahawk          |       |       |     1 |     2 |       ||     3
 Cast: Corona            |    13 |    24 |    28 |    63 |     9 ||   137
       Ensorcelled Hiber |       |       |     6 |     2 |     2 ||    10
       Tukima's Dance    |       |       |     6 |    11 |       ||    17
       Slow              |       |       |       |     5 |       ||     5
       Confuse           |       |       |       |     4 |       ||     4
Invok: Ancestor Identity |       |       |     1 |       |       ||     1
       Ancestor Life: Ba |       |       |       |     1 |       ||     1
       Recall Ancestor   |       |       |       |     1 |       ||     1
 Abil: End Transformatio |     1 |       |     1 |       |       ||     2
       Bat Form          |     1 |       |     1 |       |       ||     2
Evoke: Wand              |       |       |       |     9 |       ||     9
  Use: Potion            |     2 |     7 |    10 |    24 |     5 ||    48
       Scroll            |       |       |    20 |    16 |     6 ||    42
 Stab: Sleeping          |     9 |     6 |    20 |    16 |     9 ||    60
       Distracted        |       |       |       |     6 |     2 ||     8
  Eat: Corpse            |     1 |     1 |       |     6 |     3 ||    11
Armor: Robe              |    22 |       |     1 |    17 |    14 ||    54
       Leather armour    |     1 |    29 |    20 |       |       ||    50
       Scale mail        |       |       |     4 |       |       ||     4
Dodge: Dodged            |   127 |   139 |   240 |   391 |   127 ||  1024
Block: Buckler           |    23 |    45 |   144 |   244 |    48 ||   504
       Reflection        |       |       |     2 |     9 |       ||    11
